Cogmind - Beta 13 @@@ ROGUE MODE // 2024.05.28 @ 17:54:56 Player: karotgaemin Result: Self-destructed Performance ------------- Evolutions (1) 500 Regions Visited (2) 400 Robots Destroyed (24) 120 Value Destroyed (729) 729 Prototype IDs (0) 0 Alien Tech Used (0) 0 Bonus (0) 0 TOTAL SCORE: 1749 Bonus ------- None Cogmind --------- Core Integrity 111/400 Matter 300/300 Energy 100/100 System Corruption 0% Temperature Cool (0) Movement Rolling (115) Ox1 Location -9/Materials Parts ------- > --- POWER (1) -------- (None) > --- PROPULSION (2) --- Compact Wheel > --- UTILITY (4) ------ Large Storage Unit Visual Processing Unit Signal Interpreter Seismic Detector > --- WEAPON (2) ------- Light Assault Rifle > --- INVENTORY (15) --- Signal Interpreter Salvage Targeting Computer Peak State ------------ > --- POWER ------------ Ion Engine > --- PROPULSION ------- Compact Wheel Compact Wheel > --- UTILITY ---------- Medium Storage Unit Visual Processing Unit Signal Interpreter Seismic Detector > --- WEAPON ----------- Particle Gun Particle Gun > --- INVENTORY -------- Light Ion Engine Light Ion Engine Light Treads Light Treads Compact Wheel Salvage Targeting Computer Light Assault Rifle [Rating: 12] Favorites ----------- Power Light Ion Engine Engine Light Ion Engine Propulsion Compact Wheel Treads Light Treads Wheel Compact Wheel Utility Seismic Detector Device Seismic Detector Storage Large Storage Unit Processor Signal Interpreter Weapon Particle Gun Energy Gun Particle Gun Ballistic Gun Light Assault Rifle Build | -11 -10 -9 ------- Run | Yrd Mat Mat Slots Evolved 2 | . . 2 Power . | . . . Propulsion . | . . . Utility 2 | . . 2 Weapon . | . . . Parts Attached 25 | 6 9 10 Power 4 | 1 1 2 Engine 4 | 1 1 2 Core . | . . . Reactor . | . . . Propulsion 5 | 2 . 3 Treads 2 | . . 2 Leg . | . . . Wheel 3 | 2 . 1 Hover . | . . . Flight . | . . . Utility 6 | 1 2 3 Device 1 | . 1 . Storage 3 | 1 1 1 Processor 2 | . . 2 Hackware . | . . . Protection . | . . . Artifact . | . . . Weapon 10 | 2 6 2 Energy Gun 6 | . 5 1 Energy Cannon . | . . . Ballistic Gun 4 | 2 1 1 Ballistic Cannon . | . . . Launcher . | . . . Special Weapon . | . . . Impact Weapon . | . . . Slashing Weapon . | . . . Piercing Weapon . | . . . Special Melee Weapon . | . . . Unidentified Prototypes . | . . . Parts Lost 12 | . 2 10 Power 3 | . . 3 Propulsion 4 | . . 4 Utility . | . . . Weapon 5 | . 2 3 Highest Loss Streak 4 | . 2 4 To Critical Strikes . | . . . Average Slot Usage (%) 93 | . 96 91 Engine 11 | . 14 9 Treads 2 | . . 4 Wheel 21 | . 28 15 Device 11 | . 11 11 Storage 12 | . 14 11 Processor 9 | . . 18 Energy Gun 22 | . 26 18 Ballistic Gun 1 | . . 1 Naked Turns . | . . . Heaviest Build 32 | 11 22 32 Greatest Support 40 | 32 32 40 Greatest Overweight (x) 9 | . . 9 Average Overweight (x) . | . . . Largest Inventory Capacity 15 | 8 10 15 Average Capacity 11 | 7 8 13 Most Carried 9 | 4 8 9 Average Carried 6 | 2 7 6 Final Capacity 15 | 8 10 15 Final Carried 7 | 4 7 2 Class Distribution -------------------- 100% | Mutant Dominant Class ---------------- Mutant | -10/Materials Mutant | -9/Materials Resources | -11 -10 -9 ----------- Run | Yrd Mat Mat Matter Collected 427 | 247 93 87 Remotely . | . . . Salvage Created 773 | . 350 423 Parts 44 | . 14 30 Haulers Intercepted . | . . . Recyclers Shooed . | . . . Parts Field Recycled . | . . . Retrieved Matter . | . . . Parts Self-Destructed . | . . . Prevented . | . . . Kills | -11 -10 -9 ------- Run | Yrd Mat Mat Combat Hostiles Destroyed 21 | . 8 13 Guns 20 | . 7 13 AOE 1 | . 1 . Classes Destroyed 5 | . 1 4 Builder 1 | . . 1 Watcher 2 | . . 2 Swarmer 4 | . . 4 Grunt 15 | . 8 7 Sentry 2 | . . 2 Best Kill Streak 4 | . 2 4 Combat Bots Only 4 | . 2 4 Max Kills in Single Turn 2 | . 2 1 Gunslinging . | . . . Exploded 1 | . 1 . Melee . | . . . Uniques/NPCs Destroyed . | . . . Combat | -11 -10 -9 -------- Run | Yrd Mat Mat Hostile Shots Fired 147 | . 29 118 Missed 33 | . 6 27 Damage Taken 1474 | . 352 1122 Core 443 | . 154 289 Absorbed by Shields . | . . . Core Remaining (%) 69 | 100 38 . Volleys Fired 60 | . 19 41 Largest 2 | . 2 2 Hottest 130 | . 130 130 Shots Fired 109 | . 35 74 Gun 109 | . 35 74 Cannon . | . . . Launcher . | . . . Special . | . . . Kinetic 8 | . . 8 Thermal 81 | . 15 66 Explosive . | . . . Electromagnetic 20 | . 20 . Robot Hit Streak 12 | . 12 12 Robot Miss Streak 5 | . 2 5 Penetration Max . | . . . Secondary Targets 3 | . 1 2 Max Gunslinging Chain 1 | . 1 1 Shots Hit Robots 86 | . 31 55 Core Hits 59 | . 18 41 Critical Kills . | . . . Critical Parts Destroyed . | . . . Critical Strikes 5 | . 3 2 Burn 5 | . 3 2 Melee Attacks . | . . . Impact . | . . . Slashing . | . . . Piercing . | . . . Sneak Attacks . | . . . Combat Hostiles . | . . . Follow-up Attacks . | . . . Damage Inflicted 1395 | . 537 858 Guns 1356 | . 503 853 Cannons . | . . . Explosions 34 | . 34 . Melee . | . . . Ramming 5 | . . 5 Kinetic 49 | . . 49 Thermal 1042 | . 238 804 Explosive . | . . . Electromagnetic 299 | . 299 . Impact . | . . . Slashing . | . . . Piercing . | . . . Highest Corruption . | . . . Average Corruption . | . . . Corruption Purged . | . . . Corruption Blocked . | . . . Overload Shots . | . . . Overflow Damage . | . . . Projectiles . | . . . Explosions . | . . . Melee . | . . . Knockbacks . | . . . Impact . | . . . Kinetic . | . . . Secondary . | . . . Self-Inflicted Damage 38 | . 36 2 Shots 1 | . 1 . Rammed 1 | . . 1 Targets Rammed 1 | . . 1 Kicked . | . . . Crushed . | . . . Highest Temperature 506 | . 321 506 Average Temperature 135 | . 106 150 Received Heat Transfer 606 | . 192 414 Effects 4 | . . 4 Shutdowns 2 | . . 2 Energy Bleed 2 | . . 2 Siege Activations . | . . . Robots Corrupted . | . . . Combat Hostiles . | . . . Parts Fried . | . . . Impact Corruptions . | . . . Robots Melted . | . . . Combat Hostiles . | . . . Parts Melted 4 | . 2 2 Heat Transferred 2445 | . 753 1692 Parts Sabotaged . | . . . Parts Stolen . | . . . Parts Stripped . | . . . Power Chain Reactions 1 | . 1 . Alert | -11 -10 -9 ------- Run | Yrd Mat Mat Peak Influence 384 | . 188 384 Initial 79 | . . 79 Average 133 | . 75 207 Maximum Alert Level 1 | . . 1 Low Security (%) 78 | 100 100 54 Level 1 21 | . . 45 Level 2 . | . . . Level 3 . | . . . Level 4 . | . . . Level 5 . | . . . High Security . | . . . Max Security . | . . . Squads Dispatched 3 | . 1 2 Investigation 1 | . . 1 Extermination . | . . . Reinforcement 2 | . 1 1 Assault . | . . . Garrison . | . . . Intercept . | . . . Searches Triggered . | . . . Construction Impeded . | . . . Haulers Reinforced . | . . . Active Scanning Responses . | . . . Cargo Convoy Interrupts . | . . . Stealth | -11 -10 -9 --------- Run | Yrd Mat Mat Distress Signals 2 | . 1 1 Communications Jammed . | . . . Distress Signals . | . . . Times Spotted 31 | . 10 21 Peak Tracking Total 7 | . 5 7 Tactical Retreats 2 | . 1 1 Traps | -11 -10 -9 ------- Run | Yrd Mat Mat Traps Triggered 1 | . . 1 Indirectly . | . . . Trap Hack Attempts . | . . . Triggered . | . . . Disarmed . | . . . Reprogrammed . | . . . Reused . | . . . Traps Extracted . | . . . Installed . | . . . Triggered . | . . . Machines | -11 -10 -9 ---------- Run | Yrd Mat Mat Machines Disabled . | . . . Max in Single Turn . | . . . Machines Repaired . | . . . Machines Dismantled . | . . . Machines Sabotaged . | . . . Overloaded Fab Kills . | . . . Hacking | -11 -10 -9 --------- Run | Yrd Mat Mat Machines Accessed . | . . . Terminals . | . . . Fabricators . | . . . Repair Stations . | . . . Recycling Units . | . . . Scanalyzers . | . . . Garrison Access . | . . . Total Hacks . | . . . Successful . | . . . Failed . | . . . Catastrophic . | . . . Database Lockouts . | . . . Manual . | . . . Terminals . | . . . Fabricators . | . . . Repair Stations . | . . . Recycling Units . | . . . Scanalyzers . | . . . Garrison Access . | . . . Terminal Hacks . | . . . Fabricator Hacks . | . . . Repair Station Hacks . | . . . Recycling Unit Hacks . | . . . Scanalyzer . | . . . Garrison Access Hacks . | . . . Unauthorized Hacks . | . . . Terminals . | . . . Fabricators . | . . . Repair Stations . | . . . Recycling Units . | . . . Scanalyzers . | . . . Garrison Access . | . . . Data Cores Recovered . | . . . Used . | . . . Hacking Detections . | . . . Full Trace Events . | . . . Feedback Events . | . . . Feedback Blocked . | . . . Robot Schematics Acquired . | . . . Robots Built . | . . . Authchips . | . . . Time . | . . . Total Robot Build Rating . | . . . Part Schematics Acquired . | . . . Parts Built . | . . . Authchips . | . . . Time . | . . . Total Part Build Rating . | . . . Parts Repaired . | . . . Time . | . . . Parts Recycled . | . . . Recycled Matter . | . . . Retrieved Matter . | . . . Retrieved Components . | . . . Parts Scanalyzed . | . . . Part Schematics Acquired . | . . . Parts Damaged . | . . . Bothacking | -11 -10 -9 ------------ Run | Yrd Mat Mat Used RIF Installer . | . . . Robots Hacked . | . . . Non-combat . | . . . Combat . | . . . Robot Hacks Applied . | . . . Relay Couplers Released . | . . . Fabnet Peak Effective % . | . . . Robots Rewired . | . . . Allies Hacked . | . . . Hacks Repelled . | . . . Allies | -11 -10 -9 -------- Run | Yrd Mat Mat Total Allies . | . . . Largest Group . | . . . Highest-Rated Group . | . . . Highest-Rated Ally . | . . . Total Orders . | . . . Ally Attacks . | . . . Total Damage . | . . . Kills . | . . . Allies Corrupted . | . . . Allies Melted . | . . . Intel | -11 -10 -9 ------- Run | Yrd Mat Mat Robot Analysis Total . | . . . Derelict Logs Recovered . | . . . Drone Launches . | . . . Drone Recoveries . | . . . Exploration | -11 -10 -9 ------------- Run | Yrd Mat Mat Turns Passed 865 | 61 386 418 Spaces Moved 539 | 46 279 214 Core 4 | 1 . 3 Treads 27 | . . 27 Legs . | . . . Wheels 508 | 45 279 184 Hover . | . . . Flight . | . . . Fastest Speed 50 | 50 100 100 Average Speed 105 | 98 100 114 Slowest Speed 500 | 100 100 500 Overloaded Moves . | . . . Propulsion Burnouts . | . . . Robots Hopped . | . . . Cave-ins Triggered . | . . . Exploration Rate (%) 26 | 4 48 28 Regions Visited 2 Branch Regions . Pre-discovered Areas . | . . . Known Exits Taken . | . . . Unknown Exits Taken 2 | 1 1 . Scrap Searched . | . . . Spaces Dug . | . . . Terrain Destroyed 2 | . 2 . Melee . | . . . Projectile . | . . . AOE 2 | . 2 . Terrain Rammed . | . . . Walls Destroyed . | . . . Machines Disabled . | . . . Actions | -11 -10 -9 --------- Run | Yrd Mat Mat Total 726 | 61 350 315 Wait 71 | . 30 41 Move 537 | 45 278 214 Hop . | . . . Pick Up 26 | 10 10 6 Fast Attach . | . . . Attach 18 | 6 3 9 Detach . | . . . Swap 7 | . 6 1 Drop 6 | . 4 2 Fire 60 | . 19 41 Melee . | . . . Ram 1 | . . 1 Kick . | . . . Crush . | . . . Escape Stasis . | . . . Rewire . | . . . Trap . | . . . Miscellaneous . | . . . Route ------- -11/Scrapyard -10/Materials -9/Materials (discovered 2 exits: [*Min] / *Sto) History --------- Turn | Location | Event 18 | -11/Scrapyard | Discovered new exit (range 16) 62 | -11/Scrapyard | Entered Materials 316 | -10/Materials | Build established: Mutant 397 | -10/Materials | Discovered new exit (range 10) 431 | -10/Materials | Core integrity fell below 50% 448 | -10/Materials | Entered another Materials area 448 | -9/Materials | Evolved 2 slots: Utility x2 689 | -9/Materials | Discovered new exit (range 16) 763 | -9/Materials | Lost 4 parts (1p2n1w) 824 | -9/Materials | Discovered new exit (range 7) 839 | -9/Materials | Core integrity fell below 50% 861 | -9/Materials | Identified exit to Storage 866 | -9/Materials | Self-destructed Last Messages --------------- R-06 Scavenger collects Aluminum Leg. U-05 Engineer lays Concrete. G-34 Mercenary destroyed. U-05 Engineer builds a Wall. Acquired 1 matter. The unstable cave ceiling collapses. U-05 Engineer builds a Wall. The unstable cave ceiling collapses. U-05 Engineer builds a Wall. U-05 Engineer lays Concrete. U-05 Engineer builds a Wall. EXIT=FOUND Lgt. Treads destroyed. Lgt. Ion Engine destroyed. M-13 Machinist repairs Y-45 Defender. Y-45 Defender destroyed. Spread Laser destroyed. Y-45 Defender destroyed. Acquired 12 matter. EXIT=IDENTIFIED: STORAGE Map ----- +----------------------------------------------------+ | | | | | | | | | | | | | ?????????????????????????????????????????????????? | | ?????????????????????????????????????????????????? | | ?????????????????????????????????????????????????? | | ?????????????????????????????????????????????????? | | ?????????????????????????######??????????????????? | | ????????????????????????? #??????????????????? | | ????????????????????????? #??????????????????? | | ????????????????????????? +??????????????????? | | ????????????????????????? ???????????????????? | | ????????????????????????? ???????????????????? | | ?????????????????????????# #???????????????????? | | ?????????????????????????# #???????????????????? | | ?????????????????????????# #???????????????????? | | ?????????????????????????# #???????????????????? | | ????????????????????????## ##??????????????????? | | ????????????????????????# ##+###?????????????? | | ????????????????????????# #?????????????? | | ????????????????????????#!=> #?????????????? | | ????????????????????????#[%%! #?????????????? | | ????????????????????????#@=[ ## #?????????????? | | ????????????????????????### #### ##????????????? | | ??????????????????????????# #??# ?????????????? | | ??????????????????????????# #??# ########??????? | | ??????????????????????????# #??# # #??????? | | ?????????????????????######+#### # """ #??????? | | ?????????????????????# # # """ #??????? | | ?????????????????????# ! + + """ #??????? | | ?????????????????????# # # #??????? | | ?????????????????????# / + # ! #??????? | | ?????????????????????############+#########??????? | | ???????????????????????????# #???????? | | ???????????????????????????# #???????? | | ???????????????????????????# #???????? | | ???????????????????????????# #???????? | | ???????????????????????????# % #???????? | | ??????????????????????????## % #???????? | | ????????????????????????### # %##########???????? | | ????????????????????????# #??????????????? | | ????????????????????????# # #??????????????? | | ????????????????????????# ##?????????????? | | ???????????????????????## # # #?????????????? | | ???????????????????????# # #?????????????? | | ????????????????????##### # % #?????????????? | | ????????????????????# ##+#############???????? | +----------------------------------------------------+ Best States ------------- Heat Dissipation 28 Energy Generation 10 Energy Capacity 250 Matter Stores 300 Matter Capacity 300 Sight Range 18 Terrain Scan Density 10 Evasion (%) 40 Recoil Reduction 2 Item Schematics ----------------- None Robot Schematics ------------------ None Fabricated ------------ Nothing Alien Tech Used ----------------- None Achievements -------------- None Challenges ------------ None Game ------ Seed SignalPrecisionLoader Manual? 0 Play Time 00:11:02 Cumulative 10.1 hours Start 2024.05.28 @ 17:46:55 End 2024.05.28 @ 17:54:56 Sessions 1 Manual Loads 0 Difficulty Rogue Special Mode None Game No. 27 Rogue 27 Adventurer 0 Explorer 0 Win Type - Total 0 Types 0/0/0/0/0/0/0/0/0 Lore% 8 Gallery% 22 Achievement% 16 Wizard Run 0 Options --------- Layout 1 ASCII 0 Keyboard 0 Movement Mouse Keybinds 0 Fullscreen 2 Font 24/Smallcaps Map View 50x35 Zoom Use 0% Tactical HUD 0 Map Filters NONE Filters NONE Steam 1 RUN: 7cacd215-ed95-4082-806c-e84787794e28